 Dungeon Crawl Stone Soup version 0.30-a0-743-gbfdf073 (webtiles) character file.

Game seed: 10848990677375449936

93 malesh the Vexing (level 4, -3/33 HPs)
             Began as a Barachi Hexslinger on Feb 6, 2023.
             Killed by nerve-wracking pain
             ... invoked by Jessica
              (10 damage)
             ... on level 3 of the Dungeon.
             The game lasted 00:06:58 (1755 turns).

malesh the Vexing (Barachi Hexslinger)              Turns: 1755, Time: 00:06:59

Health: -3/33      AC:  2    Str: 11    XL:     4   Next: 61%
Magic:  5/6        EV: 12    Int: 15    God:
Gold:   148        SH:  0    Dex: 13    Spells: 2/6 levels left

rFire   . . .      SeeInvis .    a - +1 sling
rCold   . . .      Faith    .    (no shield)
rNeg    . . .      Spirit   .    c - +0 robe
rPois   .          Reflect  .    (no helmet)
rElec   .          Harm     .    (no cloak)
rCorr   .          Rampage  .    (no gloves)
Will    .....                    (no boots)
Stlth   +                        (no amulet)
HPRegen 0.25/turn                (no ring)
MPRegen 0.10/turn                (no ring)

@: slow
A: amphibious, slowness 1, strong legs 1, +LOS
a: Hop


You were on level 3 of the Dungeon.
You visited 1 branch of the dungeon, and saw 3 of its levels.

You collected 148 gold pieces.

Inventory:

Hand Weapons
 a - a +1 sling (weapon)
Armour
 c - a +0 robe (worn)
Scrolls
 b - a scroll of fog {unknown}
 d - a scroll of magic mapping {unknown}
 e - 2 scrolls of identify {unknown}
 g - a scroll of enchant weapon {unknown}
 h - a scroll of blinking {unknown}
 j - a scroll of torment {unknown}
 l - 3 scrolls of teleportation {unknown}
Potions
 f - 2 potions of haste
 i - a potion of heal wounds {unknown}
 k - a potion of might {unknown}


   Skills:
 + Level 1.9 Fighting
 + Level 3.5 Ranged Weapons
 + Level 2.5 Dodging
 + Level 1.5 Spellcasting
 + Level 4.0 Hexes


You had 2 spell levels left.
You knew the following spells:

 Your Spells              Type           Power      Damage    Failure   Level
a - Slow                  Hex            52%        N/A       4%          1
b - Inner Flame           Hex/Fire       7%         N/A       30%         3

Your spell library contained the following spells:

 Spells                   Type           Power      Damage    Failure   Level
 Freeze                   Ice            4%         1d3       24%         1
 Portal Projectile        Hex/Tloc       14%        N/A       30%         3
 Cause Fear               Hex            6%         N/A       41%         4
 Frozen Ramparts          Ice            2%         1d1       56%         3
 Hailstorm                Conj/Ice       1%         3d3       56%         3


Dungeon Overview and Level Annotations

Branches:
Dungeon (3/15)

Altars:

Annotations:
D:3 Jessica


Innate Abilities, Weirdness & Mutations

You are amphibious.
You cover ground slowly.
You can hop short distances.
You have an extended range of vision and can be seen from far away.


Message History

There is a stone staircase leading up, spattered with blood here.
You see here a hobgoblin corpse.
A ball python comes into view.
Found an emerald ring.
The ball python hisses angrily.
You hear a shout!
The ball python seems to slow down.
Jessica the Apprentice Sorceress comes into view.
She is wielding a +2 club.
You shoot a sling bullet.
The sling bullet barely misses the ball python.
Jessica drinks a potion.
Jessica seems to speed up.
You shoot a sling bullet. The sling bullet hits the ball python.
The ball python is severely wounded.
You shoot a sling bullet. The sling bullet hits the ball python.
You kill the ball python!
You shoot a sling bullet. The sling bullet hits Jessica.
Jessica is heavily wounded.
Jessica casts a spell.
Jessica blinks!
Jessica resists with significant effort.
Jessica hits you with a +2 club.
You shoot a sling bullet.
The sling bullet hits Jessica but does no damage.
Jessica is heavily wounded.
Jessica hits you with a +2 club. Jessica hits you with a +2 club!
You are too injured to fight recklessly!
Fire: a) +1 sling
Press: ? - help, Shift-Dir - straight line, f/p - Jessica
Aim: Jessica, wielding a +2 club and wearing a +0 robe (heavily wounded, fast, 56% to hit)
You shoot a sling bullet. The sling bullet barely misses Jessica.
Jessica hits you with a +2 club. x2
* * * LOW HITPOINT WARNING * * *
Fire: a) +1 sling
Press: ? - help, Shift-Dir - straight line, f/p - Jessica
Aim: Jessica, wielding a +2 club and wearing a +0 robe (heavily wounded, fast, 56% to hit)
You shoot a sling bullet.
The sling bullet closely misses Jessica.
Jessica barely misses you.
Jessica points at you and mumbles some strange words.
Pain shoots through your body!
You die...

#.# #..#
#.# ##.#
#.# #.# #.#
#.#
#.#######.#
#.........#
########..#
#..# #.@#
#..@......=
#.........#
###########


You could see Jessica (fast).

Vanquished Creatures
  Terence (D:2)
  An adder (D:2)
  2 worms
  A bat (D:1)
  3 endoplasms
  2 giant cockroaches (D:3)
  2 goblins (D:1)
  6 hobgoblins
  11 jackals
  4 kobolds
  A quokka (D:1)
  5 ball pythons
  2 frilled lizards
  7 rats
48 creatures vanquished.

Notes
Turn   | Place    | Note
-------+----------+-------------------------------------------
     0 | D:1      | malesh the Barachi Hexslinger began the quest for the Orb.
     0 | D:1      | Reached XP level 1. HP: 15/15 MP: 2/2
   161 | D:1      | Reached XP level 2. HP: 21/21 MP: 3/3
   815 | D:2      | Found a faded altar of an unknown god.
   855 | D:2      | Reached XP level 3. HP: 22/26 MP: 2/4
   975 | D:2      | Noticed Terence
   999 | D:2      | Killed Terence
  1000 | D:2      | Reached XP level 4. HP: 33/33 MP: 3/5
  1004 | D:2      | Learned a level 3 spell: Inner Flame
  1420 | D:3      | Reached skill level 4 in Hexes
  1747 | D:3      | Noticed Jessica
  1755 | D:3      | Killed from afar by Jessica

Illustrated notes

Levels and vault maps discovered:
D:1:      dpeg_arrival_round_c, layout_loops_ring, grunt_decor_cap,
          chequers_garden
D:2:      layout_rooms, shapermc_ecumenical_altar_venn, uniq_terence
D:3:      layout_loops_ring, uniq_jessica, uniq_ijyb

Skill      XL: |  1  2  3  4 |
---------------+-------------+-----
Ranged Weapons | 3 |  3.5
Hexes          | 4 |  4.0
Fighting       | |  1.9
Dodging        | |  2.5
Spellcasting   | |  1.5

Action                     |  1- 3 |  4- 6 || total
---------------------------+-------+-------++-------
   Fire: Sling             |    86 |    91 ||   177
   Cast: Slow              |    13 |    19 ||    32
    Use: Scroll            |     1 |       ||     1
 Armour: Robe              |     2 |    11 ||    13
  Dodge: Dodged            |    23 |    50 ||    73

Table legend: (Time is in decaauts)
 A = Elapsed time spent in this place.
 B = Non-inter-level travel time spent in this place.
 C = Inter-level travel time spent in this place.
 D = Time resting spent in this place.
 E = Time spent auto-exploring this place.
 F = Levels seen in this place.
 G = Mean time per level.
                   A        B        C        D        E       F      G
               +--------+--------+--------+--------+--------+-----+--------+
         Total |   2051 |   1907 |    144 |     76 |   1467 |   3 |  683.7 |
       Dungeon |   2051 |   1907 |    144 |     76 |   1467 |   3 |  683.7 |
               +--------+--------+--------+--------+--------+-----+--------+

Top non-repeatable levels by time:
     D:1: 953 daAuts
     D:2: 776 daAuts
     D:3: 320 daAuts
